 Dungeon Crawl Stone Soup version 0.26.1-11-gd32895ea62 (webtiles) character file.

Game seed: 12736569061872209008

88 Sopht the Slasher (level 4, 0/28 HPs)
             Began as a Tengu Berserker on July 19, 2021.
             Was a Follower of Trog.
             Killed from afar by Sigmund (7 damage)
             ... with a magic dart
             ... on level 2 of the Dungeon.
             The game lasted 00:10:58 (2134 turns).

Sopht the Slasher (Tengu Berserker)                 Turns: 2134, Time: 00:10:58

Health: 0/28       AC:  2    Str: 19    XL:     4   Next: 53%
Magic:  5/5        EV: 15    Int:  7    God:    Trog [*.....]
Gold:   102        SH:  0    Dex: 13    Spells: 3/3 levels left

rFire    . . .     SeeInvis .   a - +0 falchion
rCold    . . .     Faith    .   (no shield)
rNeg     . . .     Spirit   .   b - +0 animal skin
rPois    .         Reflect  .   (helmet restricted)
rElec    .         Harm     .   (no cloak)
rCorr    .         Rampage  .   (no gloves)
Will     .....                  (boots unavailable)
Stlth    ++........             (no amulet)
HPRegen  0.09/turn              (no ring)
MPRegen  0.09/turn              (no ring)

@: berserk cooldown, slowed, very slow
A: beak, talons 3, repulsion field 1, wild magic 1
a: Renounce Religion, Berserk


You were on level 2 of the Dungeon.
You worshipped Trog.
Trog was aware of your devotion.
You visited 1 branch of the dungeon, and saw 2 of its levels.

You collected 102 gold pieces.

Inventory:

Hand Weapons
 a - a +0 falchion (weapon)
Missiles
 c - 8 silver boomerangs
 d - 14 poisoned darts (quivered)
Armour
 b - a +0 animal skin (worn)
Wands
 f - a wand of digging (3)
Scrolls
 e - 5 scrolls of identify {unknown}
 g - a scroll of blinking {unknown}
 h - a scroll of fear {unknown}
 j - a scroll of magic mapping {unknown}
Potions
 k - a potion of lignification {unknown}
 l - a potion of curing {unknown}
 m - a potion of degeneration {unknown}


   Skills:
 + Level 3.5 Fighting
 + Level 4.1 Long Blades
 + Level 0.6 Throwing
 + Level 2.5 Armour
 + Level 3.1 Dodging
 + Level 1.2 Stealth


You had 3 spell levels left.
You didn't know any spells.
Your spell library was empty.

Dungeon Overview and Level Annotations

Branches:
Dungeon (2/15)

Altars:

Annotations:
D:2 Sigmund


Innate Abilities, Weirdness & Mutations

You have a beak for a mouth.
You have claws for feet.
You are surrounded by a mild repulsion field. (EV +2)
Your spells are a little harder to cast, but a little more powerful.


Message History

Sigmund looks more healthy.
Sigmund hits you with a +0 scythe.
You hit Sigmund. You claw Sigmund, but do no damage.
Sigmund is moderately wounded.
You feel less confused. Sigmund closely misses you.
You closely miss Sigmund. You claw Sigmund.
Sigmund is moderately wounded.
Sigmund barely misses you.
You riposte.
You closely miss Sigmund. You claw Sigmund.
Sigmund is heavily wounded.
You barely miss Sigmund. You claw Sigmund.
Sigmund is severely wounded.
Sigmund hits you with a +0 scythe.
* * * LOW HITPOINT WARNING * * *
Okay, then.
It was a potion of mutation.
You feel extremely strange.
You begin to radiate repulsive energy.
You feel less in control of your magic.
Sigmund points at you and mumbles some strange words.
The magic dart hits you!
You die...

#.#.....#...{....... #
#.....#...........
#.....##..........
#.....##........... #.
#.#.((..##..)........
#.##.#.#.....##.#<####.##.
....#.#.....##.#=........
#..#.#...(....#=........
#..#.#.@@.)(#######.....
#.......................
#.#..###....(...........
#.>..'......(.........
##.###.....(......##+# #.#
#....######'###.# ####
#.#############.###.# ..#
#.#.................# #
#.# #.#..............#..#


You could see Sigmund.

Vanquished Creatures
  Terence (D:2)
  2 adders (D:2)
  2 worms (D:2)
  2 dart slugs (D:1)
  A leopard gecko (D:2)
  6 bats
  4 giant cockroaches
  7 goblins
  2 hobgoblins
  3 kobolds (D:1)
  2 frilled lizards (D:1)
  2 rats
34 creatures vanquished.

Notes
Turn   | Place    | Note
-------+----------+-------------------------------------------
     0 | D:1      | Sopht the Tengu Berserker began the quest for the Orb.
     0 | D:1      | Reached XP level 1. HP: 14/14 MP: 2/2
   307 | D:1      | Reached XP level 2. HP: 11/19 MP: 3/3
  1207 | D:2      | Reached XP level 3. HP: 18/23 MP: 4/4
  1348 | D:2      | Reached skill level 1 in Stealth
  1672 | D:2      | Noticed Terence
  1682 | D:2      | Killed Terence
  1683 | D:2      | Reached XP level 4. HP: 28/28 MP: 5/5
  1781 | D:2      | Noticed Sigmund
  2047 | D:2      | Reached skill level 4 in Long Blades
  2134 | D:2      | Gained mutation: You are surrounded by a mild repulsion
                  | field. (EV +2) [potion of mutation]
  2134 | D:2      | Gained mutation: Your spells are a little harder to cast,
                  | but a little more powerful. [potion of mutation]
  2134 | D:2      | Killed from afar by Sigmund

Illustrated notes

Levels and vault maps discovered:
D:1:      mrwooster_arrival_arrow, layout_basic, roderic_lattice_a
D:2:      layout_basic, kennysheep_slug_shrine, uniq_terence, uniq_sigmund

Skill      XL: |  1  2  3  4 |
---------------+-------------+-----
Stealth        | 1 |  1.2
Dodging        | 3 |  3.1
Long Blades    | 4 |  4.1
Fighting       | |  3.5
Throwing       | |  0.6
Armour         | |  2.5

Action                   |  1- 3 |  4- 6 || total
-------------------------+-------+-------++-------
Melee: Falchion          |    39 |    14 ||    53
       Kick              |     9 |     8 ||    17
       Peck              |     7 |     1 ||     8
Throw: Boomerang         |    10 |       ||    10
       Dart              |     7 |     4 ||    11
Invok: Berserk           |     3 |     1 ||     4
 Abil: Evoke Flight      |     1 |       ||     1
  Use: Potion            |       |     1 ||     1
 Stab: Sleeping          |     1 |       ||     1
Armor: Animal skin       |     4 |     5 ||     9
Dodge: Dodged            |    31 |    19 ||    50
       Rpst.: Falchion   |    10 |     6 ||    16
